 Dungeon Crawl Stone Soup version 0.25-a0-435-g4b9beb1024 (webtiles) character file.

Game seed: 1666234936530206231, levelgen mode: deterministic

408 DerDa the Magician (level 6, -5/32 HPs)
             Began as a Deep Elf Fire Elementalist on Jan 27, 2020.
             Slain by a crocodile (15 damage)
             ... in a sewer.
             The game lasted 00:09:21 (2576 turns).

DerDa the Magician (Deep Elf Fire Elementalist)     Turns: 2576, Time: 00:09:22

Health: -5/32      AC:  3    Str:  5    XL:     6   Next: 57%
Magic:  12/16      EV: 14    Int: 22    God:
Gold:   102        SH:  0    Dex: 15    Spells: 3/16 levels left

rFire    . . .     SeeInvis .   s - +1 whip (pain)
rCold    . . .     Gourm    .   (no shield)
rNeg     . . .     Faith    .   a - +0 robe
rPois    .         Spirit   .   d - +0 helmet (curse)
rElec    .         Reflect  .   (no cloak)
rCorr    .         Harm     .   (no gloves)
MR       .....                  (no boots)
Stlth    ++........             (no amulet)
HPRegen  0.10/turn              (no ring)
MPRegen  0.15/turn              (no ring)

@: no status effects
A: no striking features
a: no special abilities


You were in a sewer.
You were hungry.

You visited 1 branch of the dungeon, and saw 4 of its levels.
You also visited: Sewer.

You collected 102 gold pieces.

Inventory:

Hand Weapons
 s - a +1 whip of pain (weapon)
Missiles
 e - 5 datura-tipped darts (quivered)
Armour
 a - a +0 robe (worn)
 d - a cursed +0 helmet (worn)
 k - a +0 buckler
 u - a +2 hat
Scrolls
 b - a scroll of immolation
 f - 2 scrolls of enchant weapon
 j - 2 scrolls of teleportation
 o - a scroll of blinking
 q - a scroll of remove curse
Potions
 i - a potion of invisibility
 l - a potion of flight {unknown}
 m - a potion of lignification {unknown}
 p - a potion of heal wounds {unknown}
 r - a potion of ambrosia {unknown}
 t - a potion of curing {unknown}
 v - a potion of resistance {unknown}
Comestibles
 c - 9 rations
 g - 10 chunks of flesh


   Skills:
 + Level 3.7 Dodging
 - Level 2.4 Stealth
 * Level 5.5 Spellcasting
 * Level 4.1 Conjurations
 * Level 5.2 Fire Magic


You had 3 spell levels left.
You knew the following spells:

 Your Spells              Type           Power        Failure   Level  Hunger
a - Foxfire               Conj/Fire      ####         1%          1    None
b - Conjure Flame         Conj/Fire      ####....     4%          3    ##.....
c - Sticky Flame          Conj/Fire      ####....     14%         4    ####...
d - Fireball              Conj/Fire      ####......   36%         5    #####..

Your spell library contained the following spells:

 Spells                   Type           Power        Failure   Level  Hunger
 Inner Flame              Hex/Fire       ###.....     10%         3    ##.....


Dungeon Overview and Level Annotations

Branches:
Dungeon (4/15)              Sewer (1/1)
 Temple: D:4-7

Altars:
Okawaru
Trog
Yredelemnul
The Shining One


Message History

The crocodile is moderately wounded.
The foxfire hits the crocodile!
The crocodile is severely wounded.
The crocodile bites you!
Casting: Foxfire (safe; 1% risk of failure)
Confirm with . or Enter, or press ? or * to list all spells.
You conjure some foxfire!
The crocodile bites you!
Unknown command.
Your foxfire dissipates!
You enter the shallow water.
Moving in this stuff is going to be slow.
The foxfire hits the crocodile.
The crocodile is almost dead.
The foxfire hits the crocodile but does no damage.
The crocodile is almost dead.
The foxfire hits the crocodile.
The crocodile is almost dead.
The crocodile barely misses you. The crocodile bites you!
You die...

##≈≈≈≈≈≈≈≈# #≈
#≈≈≈≈≈≈≈≈## #≈
##≈≈≈≈≈≈≈≈≈# #≈
#.≈≈≈≈≈≈≈≈≈# #.
##≈≈≈≈≈≈≈≈≈≈≈ #≈
#≈≈≈≈≈≈≈≈≈≈≈≈
#.#####≈≈≈≈≈≈≈≈≈≈≈
####.#.##≈≈≈≈≈≈≈≈≈#≈#
#.≈.≈.≈t@≈≈≈≈≈≈≈≈##
≈≈≈≈≈≈≈≈≈≈≈≈≈≈≈≈≈≈##
≈≈≈≈≈≈≈≈≈≈≈≈≈≈≈≈≈≈#
≈≈≈≈≈≈≈≈≈≈≈≈≈≈≈≈≈##
≈≈≈≈≈≈≈≈≈≈≈≈≈≈≈###
≈≈≈≈≈≈≈≈≈≈≈≈≈≈≈#
≈≈≈≈≈≈≈≈≈≈≈≈≈≈≈#
≈≈≈≈≈≈≈≈≈≈≈≈####


You could see a crocodile.

Vanquished Creatures
  Purgy (D:3)
  An ogre (D:4)
  A hound (D:3)
  Jessica (D:2)
  5 adders
  A river rat (D:4)
  2 oozes
  An adder skeleton (D:4)
  2 worms
  2 dart slugs (D:1)
  6 leopard geckos
  4 orcs (D:3)
  7 giant cockroaches
  10 goblins
  9 hobgoblins
  6 jackals
  8 kobolds
  3 quokkas
  3 ball pythons
  9 bats
  9 frilled lizards
  8 rats
99 creatures vanquished.

Vanquished Creatures (others)
  233 foxfires
233 creatures vanquished.

Grand Total: 332 creatures vanquished

Notes
Turn   | Place    | Note
-------+----------+-------------------------------------------
     0 | D:1      | DerDa the Deep Elf Fire Elementalist began the quest for
                  | the Orb.
     0 | D:1      | Reached XP level 1. HP: 10/10 MP: 6/6
    51 | D:1      | Reached XP level 2. HP: 11/15 MP: 1/8
   806 | D:1      | Reached XP level 3. HP: 19/19 MP: 3/10
   963 | D:2      | Noticed Jessica
   966 | D:2      | Killed Jessica
  1053 | D:2      | Found a glowing golden altar of the Shining One.
  1110 | D:2      | Found an iron altar of Okawaru.
  1130 | D:2      | Reached XP level 4. HP: 20/24 MP: 4/12
  1266 | D:2      | Found a basalt altar of Yredelemnul.
  1767 | D:3      | Reached XP level 5. HP: 28/28 MP: 10/13
  1799 | D:3      | Learned a level 3 spell: Conjure Flame
  1804 | D:3      | Learned a level 4 spell: Sticky Flame
  1810 | D:3      | Learned a level 5 spell: Fireball
  1825 | D:3      | Noticed Purgy
  1920 | D:3      | Killed Purgy
  1920 | D:3      | Reached skill level 5 in Spellcasting
  2110 | D:3      | Found a bloodstained altar of Trog.
  2114 | D:3      | Reached XP level 6. HP: 31/32 MP: 7/15
  2417 | D:4      | Reached skill level 5 in Fire Magic
  2433 | D:4      | Found a glowing drain.
  2465 | Sewer    | Entered a sewer
  2576 | Sewer    | Slain by a crocodile

Levels and vault maps discovered:
D:1:      doesnt_arrival_eight_statues, layout_basic, supply_closet_lemuel
D:2:      layout_basic, yredelemnul_altar_generic, lemuel_doored_altar,
          tso_metal_star, uniq_jessica
D:3:      layout_basic, marbit_many_paths, kennysheep_flooded_box, st_stairs_3,
          uniq_purgy
D:4:      layout_basic, portal_sewer_entry_a, kennysheep_nub,
          kennysheep_cluttered_room, sigmund_edmund_badplayer, uniq_sigmund
Sewer:    sewer_co_purgy_island

Skill      XL: |  1  2  3  4  5  6 |
---------------+-------------------+-----
Conjurations   | 2 3 4 |  4.1
Fire Magic     | 4 5 |  5.2
Spellcasting   | 4 5 |  5.5
Dodging        | 3 |  3.7
Stealth        | |  2.4

Action                   |  1- 3 |  4- 6 || total
-------------------------+-------+-------++-------
Melee: Unarmed           |     3 |       ||     3
       Club              |     5 |     9 ||    14
       Whip              |       |    13 ||    13
 Cast: Foxfire           |    55 |   101 ||   156
       Sticky Flame      |       |     4 ||     4
  Use: Scroll            |       |    10 ||    10
 Stab: Sleeping          |       |     1 ||     1
  Eat: Chunk             |       |     5 ||     5
Armor: Robe              |    11 |     4 ||    15
Dodge: Dodged            |    25 |    34 ||    59

Table legend:
 A = Non-vault XP
 B = Vault XP
 C = Vault XP percentage of total XP
 D = Non-vault monster count
 E = Vault monster count
 F = Vault count percentage of total count
                 A         B        C        D         E       F
            +---------+---------+-------+---------+---------+-------
      Total |     372 |     211 |  36.2 |      86 |      13 |  13.1
            +---------+---------+-------+---------+---------+-------
        D:1 |      43 |       0 |   0.0 |      21 |       0 |   0.0
        D:2 |      94 |      37 |  28.2 |      30 |       1 |   3.2
        D:3 |     107 |     139 |  56.5 |      29 |       4 |  12.1
        D:4 |     128 |      18 |  12.3 |       6 |       4 |  40.0
      Sewer |       0 |      17 | 100.0 |       0 |       4 | 100.0
            +---------+---------+-------+---------+---------+-------
